 Dungeon Crawl Stone Soup version 0.21-a0-426-g98080a9 (webtiles) character file.

177 Snakeypoo the Covert (level 5, 0/26 HPs)
             Began as a Spriggan Assassin on Nov 3, 2017.
             Was a Follower of Yredelemnul.
             Slain by a gnoll
             ... wielding a +0 spear
              (5 damage)
             ... on level 4 of the Dungeon on Nov 5, 2017.
             The game lasted 00:30:14 (3192 turns).

Snakeypoo the Covert (Spriggan Assassin)            Turns: 3192, Time: 00:30:15

Health: 0/26       AC:  4    Str:  7    XL:     5   Next: 30%
Magic:  6/6        EV: 18    Int: 13    God:    Yredelemnul [*.....]
Gold:   76         SH:  0    Dex: 18    Spells: 4/4 levels left

rFire    . . .     SeeInvis +   w - +0 blowgun
rCold    . . .     Gourm    .   (shield restricted)
rNeg     . . .     Faith    +   c - +0 robe
rPois    .         Spirit   .   (helmet restricted)
rElec    .         Reflect  .   d - +1 cloak
rCorr    .         Harm     .   (gloves unavailable)
MR       .....                  (boots unavailable)
Stlth    +++++.....             s - amulet of faith
HPRegen  0.08/turn              m - ring of stealth
MPRegen  0.10/turn              (no ring)

@: very quick
A: unfitting armour, see invisible, herbivore 3, speed 3, slow metabolism 2
a: Animate Remains, Renounce Religion


You were on level 4 of the Dungeon.
You worshipped Yredelemnul.
Yredelemnul was aware of your devotion.
You were not hungry.

You visited 1 branch of the dungeon, and saw 4 of its levels.

You collected 76 gold pieces.

Inventory:

Hand Weapons
 a - a +2 dagger
 w - a +0 blowgun (weapon)
Missiles
 e - 3 poisoned needles (quivered)
 f - 2 curare-tipped needles
Armour
 c - a +0 robe (worn)
 d - a +1 cloak (worn)
Jewellery
 m - a ring of stealth (left hand)
 s - an amulet of faith (around neck)
Scrolls
 i - a scroll of enchant armour
 j - a scroll of fog {unknown}
 r - a scroll of random uselessness
 u - a scroll of recharging
Potions
 b - a potion of degeneration
 h - a potion of resistance {unknown}
 k - 2 potions of heal wounds
 l - a potion of invisibility {unknown}
 n - 2 potions of haste
 o - a potion of agility {unknown}
 p - a potion of flight {unknown}
 q - 3 potions of curing
 t - a potion of brilliance {unknown}
Comestibles
 g - 2 bread rations


   Skills:
 - Level 2.0 Fighting
 - Level 3.4 Short Blades
 + Level 2.3 Throwing
 + Level 2.5 Dodging
 - Level 8.2 Stealth
 + Level 0.3 Necromancy
 + Level 0.4 Invocations


You had 4 spell levels left.
You didn't know any spells.

Dungeon Overview and Level Annotations

Branches:
Dungeon (4/15)
 Temple: D:4-7

Altars:
Ashenzari
Kikubaaqudgha
Yredelemnul

Annotations:
D:4 Dowan, Duvessa


Innate Abilities, Weirdness & Mutations

You are very small and have problems with some larger weapons.
You are too small for most types of armour.
You have supernaturally acute eyesight. (SInv)
You are a herbivore.
You cover ground extremely quickly.
You need consume almost no food.


Message History

The poisoned needle barely misses the gnoll.
The gnoll hits you from afar with a spear!
You attempt to give life to the dead...
There are no remains here to animate!
Firing (i - inventory. (,) - cycle):
e - 4 poisoned needles (quivered)
Press: ? - help, Shift-Dir - straight line, f/p - gnoll
Aim: a gnoll, wielding a spear You shoot a poisoned needle.
The poisoned needle barely misses the gnoll shaman.
The poisoned needle hits the gnoll!
The gnoll is poisoned.
The gnoll shaman calls upon its god to heal the gnoll.
The gnoll's wounds heal themselves!
Duvessa, Sister of Dowan comes into view.
She is wielding a short sword.
Duvessa shouts!
Dowan says, "Magic and the sword, together, will defeat you."
The gnoll hits you from afar with a spear.
The gnoll shaman hits you with a club!
* * * LOW HITPOINT WARNING * * *
The gnoll hits you from afar with a spear.
You die...
Your body rises from the dead as a mindless zombie.

###########
#.........#
#.........#
#..>@.....####
#########(...g..e.e...
#............g.....###
#....(...†(........#
#........(.........#
#######..)####.###.#
#..(# #.# .# #..(# #.#
# #<..# #.#


You could see Duvessa, Dowan, a gnoll shaman and a gnoll.

Vanquished Creatures
  An orc wizard (D:3)
  6 adders
  2 gnolls (D:4)
  An adder zombie (D:3)
  2 worms (D:2)
  2 dart slugs (D:1)
  8 orcs (D:3)
  A giant cockroach (D:1)
  6 goblins
  9 hobgoblins
  8 kobolds
  A quokka (D:3)
  2 ball pythons
  7 bats
  4 frilled lizards
  2 goblin zombies (D:3)
  9 rats
71 creatures vanquished.

Notes
Turn   | Place    | Note
-------+----------+-------------------------------------------
     0 | D:1      | Snakeypoo the Spriggan Assassin began the quest for the Orb.
     0 | D:1      | Reached XP level 1. HP: 10/10 MP: 2/2
   116 | D:1      | Reached skill level 6 in Stealth
   182 | D:1      | Reached XP level 2. HP: 14/14 MP: 3/3
   183 | D:1      | Upgraded the game from 0.21-a0-417-g0adc95b to 0.21-a0-421-gfc1ce30
   454 | D:1      | Reached skill level 7 in Stealth
   816 | D:2      | Reached XP level 3. HP: 6/18 MP: 4/4
  1037 | D:2      | Upgraded the game from 0.21-a0-421-gfc1ce30 to 0.21-a0-426-g98080a9
  1243 | D:2      | Found an ancient bone altar of Kikubaaqudgha.
  1245 | D:2      | Found a basalt altar of Yredelemnul.
  1247 | D:2      | Found a shattered altar of Ashenzari.
  1253 | D:2      | Became a worshipper of Kikubaaqudgha
  1265 | D:2      | Fell from the grace of Kikubaaqudgha
  1265 | D:2      | Became a worshipper of Yredelemnul the Dark
  1706 | D:3      | Reached XP level 4. HP: 6/23 MP: 5/5
  1808 | D:3      | Reached skill level 8 in Stealth
  2439 | D:3      | Reached XP level 5. HP: 26/26 MP: 6/6
  2531 | D:3      | Reached * piety under Yredelemnul
  3183 | D:4      | Noticed Dowan
  3187 | D:4      | Noticed Duvessa
  3192 | D:4      | Slain by a gnoll

Vault maps used:
D:1:      ncdulo_wetmaze, minmay_misc_feat_nine_boxes
D:2:      minitemple
D:4:      minmay_misc_feat_plants, uniq_grinder, uniq_duvessa

Skill      XL: |  1  2  3  4 |
---------------+-------------+-----
Stealth        | 6 7 8 |  8.2
Short Blades   | 3 |  3.4
Dodging        | 2 |  2.5
Fighting       | 2 |  2.0
Throwing       | |  2.3
Necromancy     | |  0.3
Invocations    | |  0.4

Action                   |  1- 3 |  4- 6 || total
-------------------------+-------+-------++-------
Melee: Dagger            |   140 |   122 ||   262
 Fire: Blowgun           |       |    21 ||    21
  Use: Potion            |       |     2 ||     2
       Scroll            |       |    11 ||    11
 Stab: Sleeping          |    11 |     5 ||    16
       Distracted        |     1 |       ||     1
Armor: Robe              |    11 |     8 ||    19
Dodge: Dodged            |    87 |    78 ||   165

Table legend:
 A = Spawn XP
 B = Non-spawn XP
 C = Spawn XP percentage of total XP
 D = Spawn monster count
 E = Non-spawn monster count
 F = Spawn count percentage of total count
 G = Total turns spent on level
                    A         B        C        D         E        F      G
               +---------+---------+-------+---------+---------+-------+---------
         Total |       0 |     253 |   0.0 |       0 |      68 |   0.0 |  3192
               +---------+---------+-------+---------+---------+-------+---------
           D:1 |       0 |      36 |   0.0 |       0 |      22 |   0.0 |   716
           D:2 |       0 |      40 |   0.0 |       0 |      15 |   0.0 |   971
           D:3 |       0 |     148 |   0.0 |       0 |      28 |   0.0 |  1439
           D:4 |       0 |      29 |   0.0 |       0 |       3 |   0.0 |    66
               +---------+---------+-------+---------+---------+-------+---------
